 Dungeon Crawl Stone Soup version 0.23-a0-767-gdc19b93d68 (webtiles) character file.

861 IronSnek the Sneak (level 8, -9/62 HPs)
             Began as a Naga Fire Elementalist on Jan 20, 2019.
             Was a Believer of Cheibriados.
             Mangled by an orc warrior
             ... wielding a +0 war axe
              (22 damage)
             ... on level 6 of the Dungeon.
             The game lasted 00:16:59 (5335 turns).

IronSnek the Sneak (Naga Fire Elementalist)         Turns: 5335, Time: 00:17:03

Health: -9/62      AC:  6    Str: 17    XL:     8   Next: 2%
Magic:  0/14       EV: 10    Int: 24    God:    Cheibriados [**....]
Gold:   273        SH:  0    Dex: 17    Spells: 5/15 levels left

rFire    + . .     SeeInvis +   b - staff of fire
rCold    + . .     Gourm    .   (no shield)
rNeg     . . .     Faith    .   t - +2 robe {rC+}
rPois    +         Spirit   .   (no helmet)
rElec    .         Reflect  .   (no cloak)
rCorr    .         Harm     .   q - +0 pair of gloves
MR       +....                  (no barding)
Stlth    ++++......             (no amulet)
HPRegen  0.20/turn              (no ring)
MPRegen  0.14/turn              (no ring)

@: very slightly contaminated, very slow
A: large, see invisible, deformed body, poison resistance, slowness 2, slow
metabolism 1, spit poison 1, AC +2
a: Spit Poison, Bend Time, Renounce Religion


You were on level 6 of the Dungeon.
You worshipped Cheibriados.
Cheibriados was pleased with you.
You were very hungry.

You visited 1 branch of the dungeon, and saw 6 of its levels.

You collected 273 gold pieces.

Inventory:

Hand Weapons
 a - a +0 dagger
Armour
 h - a +1 ring mail of fire resistance
 q - a +0 pair of gloves (worn)
 t - a +2 robe of cold resistance (worn)
Magical Staves
 b - an uncursed staff of fire (weapon)
Wands
 w - a wand of polymorph (7)
Scrolls
 d - 11 scrolls of remove curse
 g - 2 scrolls of teleportation {unknown}
 k - 2 scrolls of magic mapping {unknown}
 m - 5 scrolls of blinking {unknown}
 s - 2 scrolls of fog {unknown}
 u - a scroll of enchant weapon {unknown}
 v - 6 scrolls of identify {unknown}
 x - a scroll of noise {unknown}
Potions
 e - a potion of magic {unknown}
 f - 3 potions of mutation {unknown}
 i - 2 potions of haste {unknown}
 j - a potion of brilliance {unknown}
 l - 2 potions of heal wounds {unknown}
 n - a potion of degeneration {unknown}
 o - 2 potions of curing {unknown}
 p - 2 potions of ambrosia {unknown}
 r - a potion of agility {unknown}
Comestibles
 c - 12 rations


   Skills:
 - Level 1.5 Dodging
 + Level 7.3 Stealth
 + Level 4.4 Spellcasting
 + Level 4.3 Conjurations
 + Level 5.2 Fire Magic


You had 5 spell levels left.
You knew the following spells:

 Your Spells              Type           Power        Failure   Level  Hunger
a - Flame Tongue          Conj/Fire      #####        1%          1    None
b - Throw Flame           Conj/Fire      #####.       1%          2    None
c - Conjure Flame         Conj/Fire      #####...     3%          3    ##.....
d - Sticky Flame          Conj/Fire      #####...     13%         4    ####...

Your spell library contained the following spells:

 Spells                   Type           Power        Failure   Level  Hunger
 Beastly Appendage        Tmut           #.....       10%         1    None
 Inner Flame              Hex/Fire       ####....     10%         3    ##.....
 Sticks to Snakes         Tmut           #.......     14%         2    None
 Spider Form              Tmut/Pois      #.........   28%         3    ##.....
 Fireball                 Conj/Fire      #####.....   34%         5    #####..
 Ice Form                 Ice/Tmut       #.......     67%         4    ####...
 Blade Hands              Tmut           #.........   95%         5    #####..


Dungeon Overview and Level Annotations

Branches:
Dungeon (6/15)
 Temple: D:4-7

Altars:
Ashenzari
Cheibriados
Ru
Uskayaw
Vehumet
The Shining One

Shops:
D:4 !

Annotations:
D:4 3 runed doors, exclusion: statue, Fandomethor's ghost, amateur SpGl


Innate Abilities, Weirdness & Mutations

You cannot wear boots.
Your serpentine skin is tough. (AC +2)
You have supernaturally acute eyesight. (SInv)
Armour fits poorly on your strangely shaped body.
Your system is resistant to poisons. (rPois)
You cover ground very slowly.
You have a slow metabolism.
You can spit poison.


Message History

You have got your breath back.
The orc warrior closely misses you. The orc warrior barely misses you.
The orc warrior looks more healthy.
The orc throws a tomahawk.
The tomahawk hits you but does no damage.
You see here a tomahawk.
The orc warrior hits you with a +0 war axe!
* * * LOW HITPOINT WARNING * * *
Casting: Sticky Flame (safe; 13% risk of failure)
Confirm with . or Enter, or press ? or * to list all spells.
Aiming: Sticky Flame (safe; 13% risk of failure)
Press: ? - help, Shift-Dir - straight line, f/p - orc warrior
Aim: an orc warrior, wielding a +0 war axe and wearing a +0 plate armour (severely wounded)
You feel a surge of power!
The sticky flame hits the orc warrior.
The orc warrior appears unharmed.
The orc warrior is severely wounded.
The orc warrior is covered in liquid flames!
The orc warrior burns!
The orc warrior hits you with a +0 war axe!!
You die...

oo.[..o.# #o# ## #.# #.
#.# #.# ####(#
######.######### #....#
#.......#.....>. #.####
#..#.......##.####
####..#.......@oo...# #
#...........^.##.##.#
#.#..#.......... #....#
#.#............. ####.#
#...............#####.#
###..###.######.......#
.........############.#
###.#..........[..###.#
##....####..##........#


You could see an orc warrior (burning) and an orc.

Vanquished Creatures
  Sigmund (D:6)
  An ice beast (D:6)
  An ogre (D:4)
  A centaur (D:6)
  A water moccasin skeleton (D:5)
  2 howler monkeys (D:4)
  A hound (D:5)
  An orc priest (D:6)
  2 bullfrog skeletons (D:6)
  Jessica (D:3)
  3 gnolls (D:3)
  4 adders
  3 oozes
  3 worms
  A dart slug (D:1)
  6 leopard geckos
  9 orcs
  6 giant cockroaches
  4 goblins
  10 hobgoblins
  4 jackals
  3 quokkas
  2 ball pythons
  5 bats
  6 frilled lizards
  9 kobolds
  12 rats
102 creatures vanquished.

Notes
Turn   | Place    | Note
-------+----------+-------------------------------------------
     0 | D:1      | IronSnek the Naga Fire Elementalist began the quest for the
                  | Orb.
     0 | D:1      | Reached XP level 1. HP: 15/15 MP: 3/3
   321 | D:1      | Reached XP level 2. HP: 17/22 MP: 0/5
   615 | D:1      | Found a glowing golden altar of the Shining One.
  1087 | D:2      | Reached XP level 3. HP: 21/28 MP: 0/6
  1455 | D:2      | Reached skill level 4 in Stealth
  1839 | D:2      | Found a snail-covered altar of Cheibriados.
  1842 | D:2      | Found a hide-covered altar of Uskayaw.
  1848 | D:2      | Became a worshipper of Cheibriados the Contemplative
  1854 | D:2      | Found a shattered altar of Ashenzari.
  1879 | D:2      | Found a sacrificial altar of Ru.
  1957 | D:3      | Learned a level 2 spell: Throw Flame
  1961 | D:3      | Learned a level 3 spell: Conjure Flame
  1982 | D:2      | Reached XP level 4. HP: 36/36 MP: 1/7
  2298 | D:3      | Reached * piety under Cheibriados
  2477 | D:3      | Noticed Jessica
  2482 | D:3      | Killed Jessica
  2601 | D:3      | Reached XP level 5. HP: 42/42 MP: 1/9
  2879 | D:3      | Learned a level 4 spell: Sticky Flame
  3662 | D:4      | Reached ** piety under Cheibriados
  3662 | D:4      | Reached skill level 5 in Stealth
  3678 | D:4      | Reached XP level 6. HP: 37/49 MP: 2/10
  4083 | D:4      | Found a radiant altar of Vehumet.
  4331 | D:4      | Found Ruvuwk's Distillery.
  4481 | D:4      | Found a runed gate.
  4481 | D:4      | Found a runed gate.
  4482 | D:4      | Noticed Fandomethor's ghost (amateur SpGl)
  4484 | D:4      | Found a runed gate.
  4703 | D:5      | Entered Level 5 of the Dungeon
  4744 | D:5      | Reached skill level 6 in Stealth
  4778 | D:5      | Reached XP level 7. HP: 55/55 MP: 4/12
  5003 | D:5      | You fall through a shaft!
  5097 | D:6      | Noticed Sigmund
  5110 | D:6      | Killed Sigmund
  5110 | D:6      | Reached skill level 5 in Fire Magic
  5154 | D:6      | Reached skill level 7 in Stealth
  5318 | D:6      | Reached XP level 8. HP: 61/62 MP: 9/14
  5335 | D:6      | Mangled by an orc warrior

Vault maps used:
D:1:      eino_arrival_tree_alley, tso_altar
D:2:      cheibrodos_old_hovel, grunt_temple_overflow_cloverleaf, first_ration
D:3:      serial_bayou, serial_bayou_pond_b, serial_bayou_crossing,
          serial_bayou_pond_e, serial_bayou_ford_a, minmay_misc_feat_pillars,
          minmay_misc_feat_roman, uniq_jessica
D:4:      vehumet_statue, serial_shops, shop_fountains,
          ebering_ghost_rock_garden
D:5:      gammafunk_temple_of_torment, gup_sewer_entry_bubbles,
          lemuel_old_faithful
D:6:      uniq_sigmund

Skill      XL: |  1  2  3  4  5  6  7 |
---------------+----------------------+-----
Stealth        | 4 5 6 7 |  7.3
Conjurations   | 2 3 4 |  4.3
Spellcasting   | 3 4 |  4.4
Fire Magic     | 4 5 |  5.2
Dodging        | |  1.5

Action                   |  1- 3 |  4- 6 |  7- 9 || total
-------------------------+-------+-------+-------++-------
Melee: Unarmed           |    10 |       |       ||    10
       Dagger            |    18 |    21 |     1 ||    40
 Cast: Flame Tongue      |    61 |    86 |    26 ||   173
       Throw Flame       |       |    22 |     7 ||    29
       Conjure Flame     |       |     1 |       ||     1
       Sticky Flame      |       |       |     3 ||     3
 Abil: Spit Poison       |       |     3 |     1 ||     4
  Use: Scroll            |     1 |       |       ||     1
 Stab: Sleeping          |     4 |     5 |     1 ||    10
  Eat: Chunk             |     2 |     6 |     1 ||     9
Armor: Robe              |    14 |    23 |     8 ||    45
Dodge: Dodged            |    50 |    48 |    12 ||   110

Table legend:
 A = Non-vault XP
 B = Vault XP
 C = Vault XP percentage of total XP
 D = Non-vault monster count
 E = Vault monster count
 F = Vault count percentage of total count
                 A         B        C        D         E       F
            +---------+---------+-------+---------+---------+-------
      Total |     964 |     267 |  21.7 |      92 |      10 |   9.8
            +---------+---------+-------+---------+---------+-------
        D:1 |      28 |       0 |   0.0 |      17 |       0 |   0.0
        D:2 |      55 |       4 |   6.8 |      22 |       2 |   8.3
        D:3 |     120 |      46 |  27.7 |      27 |       6 |  18.2
        D:4 |     263 |       0 |   0.0 |      12 |       0 |   0.0
        D:5 |     118 |       5 |   4.1 |       5 |       1 |  16.7
        D:6 |     380 |     212 |  35.8 |       9 |       1 |  10.0
            +---------+---------+-------+---------+---------+-------
